 Dungeon Crawl Stone Soup version 0.21-a0-621-gc60411f (webtiles) character file.

113 slep the Slasher (level 4, -11/37 HPs)
             Began as a Hill Orc Gladiator on Dec 24, 2017.
             Mangled by an orc
             ... wielding a +0 dagger of electrocution
              (15 damage)
             ... on level 3 of the Dungeon.
             The game lasted 00:04:12 (1565 turns).

slep the Slasher (Hill Orc Gladiator)               Turns: 1565, Time: 00:04:13

Health: -11/37     AC:  5    Str: 16    XL:     4   Next: 96%
Magic:  4/4        EV: 13    Int:  8    God:
Gold:   42         SH:  0    Dex: 13    Spells: 3/3 levels left

rFire    . . .     SeeInvis .   a - +0 long sword
rCold    . . .     Gourm    .   (no shield)
rNeg     . . .     Faith    .   b - +0 leather armour
rPois    .         Spirit   .   i - +1 helmet
rElec    .         Reflect  .   (no cloak)
rCorr    .         Harm     .   (no gloves)
MR       .....                  (no boots)
Stlth    +.........             (no amulet)
HPRegen  0.12/turn              (no ring)
MPRegen  0.09/turn              (no ring)

@: no status effects
A: no striking features
a: no special abilities


You were on level 3 of the Dungeon.
You were not hungry.

You visited 1 branch of the dungeon, and saw 3 of its levels.

You collected 42 gold pieces.

Inventory:

Hand Weapons
 a - a +0 long sword (weapon)
Missiles
 d - 3 throwing nets (quivered)
 m - 9 sling bullets
 s - 9 poisoned needles
Armour
 b - a +0 leather armour (worn)
 c - a +0 helmet
 i - a +1 helmet (worn)
Jewellery
 p - an uncursed ring of flight {unknown}
Scrolls
 g - 3 scrolls of remove curse {unknown}
 h - a scroll of noise {unknown}
 k - a scroll of fog {unknown}
 n - a scroll of amnesia {unknown}
 o - 2 scrolls of identify {unknown}
 q - 2 scrolls of enchant armour {unknown}
Potions
 e - 2 potions of curing {unknown}
 j - a potion of lignification {unknown}
 l - a potion of degeneration {unknown}
Comestibles
 f - 3 rations


   Skills:
 + Level 2.8 Fighting
 + Level 4.7 Long Blades
 + Level 2.0 Throwing
 + Level 1.7 Armour
 + Level 3.0 Dodging
 + Level 0.2 Stealth


You had 3 spell levels left.
You didn't know any spells.

Dungeon Overview and Level Annotations

Branches:
Dungeon (3/15)

Altars:
Qazlal


Message History

The orc hits you but does no damage.
You hit the orc.
The orc is heavily wounded.
The orc hits you but does no damage.
You hit the orc but do no damage.
The orc is heavily wounded.
The orc hits you but does no damage.
You hit the orc but do no damage.
The orc is heavily wounded.
The orc completely misses you.
The orc hits you with a dagger of electrocution.
You are electrocuted!
* * * LOW HITPOINT WARNING * * *
You hit the orc but do no damage.
The orc is heavily wounded.
The orc hits you but does no damage.
You hit the orc but do no damage.
The orc is heavily wounded.
The orc hits you but does no damage.
You are electrocuted!
You die...

######.# ....... #.#
....... #.# ....... #.#
....... #.# ....... #.#
....... #.#
.......###############.#
......o@................
.......#################
#######


You could see an orc.

Vanquished Creatures
  3 gnolls (D:2)
  3 adders (D:2)
  2 dart slugs (D:1)
  A worm (D:2)
  An orc (D:2)
  A ball python (D:2)
  5 bats
  5 giant cockroaches
  4 goblins
  7 hobgoblins
  6 jackals
  A quokka (D:2)
  3 frilled lizards
  4 kobolds
  3 rats
49 creatures vanquished.

Notes
Turn   | Place    | Note
-------+----------+-------------------------------------------
     0 | D:1      | slep the Hill Orc Gladiator began the quest for the Orb.
     0 | D:1      | Reached XP level 1. HP: 18/18 MP: 1/1
    93 | D:1      | Reached XP level 2. HP: 6/25 MP: 2/2
   670 | D:2      | Reached skill level 1 in Armour
   670 | D:2      | Reached XP level 3. HP: 30/30 MP: 3/3
   776 | D:2      | Reached skill level 4 in Long Blades
   807 | D:2      | Reached XP level 4. HP: 8/37 MP: 4/4
  1253 | D:2      | Found a stormy altar of Qazlal.
  1565 | D:3      | Mangled by an orc

Vault maps used:
D:1:      erik_arrival_triangle_small
D:2:      marbit_many_paths, nrook_mini_backslash
D:3:      lemuel_blue_sif_altar, first_ration

Skill      XL: |  1  2  3  4 |
---------------+-------------+-----
Throwing       | 2 |  2.0
Armour         | 1 |  1.7
Long Blades    | 4 |  4.7
Dodging        | 3 |  3.0
Fighting       | |  2.8
Stealth        | |  0.2

Action                   |  1- 3 |  4- 6 || total
-------------------------+-------+-------++-------
Melee: Long sword        |    95 |    56 ||   151
 Stab: Sleeping          |       |     2 ||     2
  Eat: Chunk             |       |     2 ||     2
Armor: Leather armour    |    34 |    25 ||    59
Dodge: Dodged            |    83 |    27 ||   110
       Rpst.: Long sword |    26 |     9 ||    35

Table legend:
 A = Spawn XP
 B = Non-spawn XP
 C = Spawn XP percentage of total XP
 D = Spawn monster count
 E = Non-spawn monster count
 F = Spawn count percentage of total count
 G = Total turns spent on level
                    A         B        C        D         E        F      G
               +---------+---------+-------+---------+---------+-------+---------
         Total |       0 |     162 |   0.0 |       0 |      49 |   0.0 |  1565
               +---------+---------+-------+---------+---------+-------+---------
           D:1 |       0 |      33 |   0.0 |       0 |      17 |   0.0 |   667
           D:2 |       0 |     114 |   0.0 |       0 |      23 |   0.0 |   645
           D:3 |       0 |      15 |   0.0 |       0 |       9 |   0.0 |   253
               +---------+---------+-------+---------+---------+-------+---------
